Map: Submarine LE

Players

RyuKey - Winner!

  • Race: Zerg Zerg
  • League: Diamond
  • Spawn Location: 11:00

iStylLo

  • Race: Zerg Zerg
  • League: Platinum
  • Spawn Location: 5:00

VOD

Have the link to the VOD?

Description

Time

  • Played on: June 12, 2020, 10:34 a.m.
  • Length: 10:37
Show
View Real Time Build Order
Export as new Build Order

RyuKey Zerg - Winner!

Build Orders: Hatch First 

Get SALT Encoding   

  12  0:01  Drone  
  13  0:12  Overlord  
  13  0:18  Drone  
  14  0:31  Drone x2  
  16  0:51  Hatchery  
  16  0:53  Drone  
  16  0:55  Drone  
  17  1:02  Drone  
  18  1:07  Extractor  
  17  1:14  Spawning Pool  
  16  1:24  Drone x2  
  18  1:29  Drone  
  19  1:59  Overlord  
  19  2:03  Zergling x2  
  19  2:04  Zergling x4, Queen  
  19  2:08  Spine Crawler  
  23  2:11  Spine Crawler  
  22  2:22  Zergling x6  
  24  2:32  Zergling x2  
  24  2:44  Queen  
  24  2:45  Queen  
  28  2:52  Metabolic Boost  
  28  2:58  Drone  
  29  3:05  Drone x2  
  31  3:18  Drone  
  31  3:19  Drone x2  
  34  3:36  Drone  
  34  3:37  Overlord  
  34  3:38  Overlord  
  35  3:50  Drone, Extractor  
  35  3:51  Baneling Nest  
  34  4:10  Drone x9  
  43  4:18  Drone x3  
  46  4:34  Drone x3  
  45  4:50  Zergling x2  
  45  4:51  Zergling x10  
  49  4:58  Zergling x4  
  49  4:59  Zergling x2  
  52  5:12  Evolution Chamber  
  52  5:14  Evolution Chamber  
  50  5:15  Zergling x2  
  50  5:16  Zergling x2  
  50  5:20  Baneling x3  
  52  5:21  Hatchery  
  50  5:31  Zergling x16  
  50  5:47  Zergling x2  
  51  5:51  Overlord  
  51  5:52  Overlord  
  51  5:55  Zerg Ground Armor Level 1, Zerg Melee Weapons Level 1  
  51  6:03  Lair  
  51  6:10  Drone, Extractor x2  
  51  6:11  Drone x3  
  53  6:30  Zergling x8  
  52  6:34  Drone  
  52  6:35  Drone x6  
  57  7:01  Drone x7  
  57  7:04  Baneling x4  
  63  7:13  Spire, Drone x6  
  68  7:31  Zergling x2  
  68  7:32  Zergling x8  
  68  7:36  Overlord  
  68  7:37  Overlord x2  
  73  7:54  Zerg Melee Weapons Level 2, Zerg Ground Armor Level 2  
  73  7:56  Zergling x20  
  83  8:14  Zergling x16  
  83  8:19  Overlord x2  
  91  8:20  Overlord x2  
  91  8:31  Mutalisk  
  91  8:32  Mutalisk x2  
  95  8:46  Mutalisk x8  
  92  9:05  Mutalisk x2  
  94  9:25  Extractor x2  
  94  9:27  Extractor  
  94  9:28  Zergling x16  
  94  9:29  Zergling x12  
  105  9:34  Overlord  
  105  9:35  Overlord x2  
  105  9:48  Mutalisk x3  
  100  10:02  Zergling x10  
  100  10:03  Zergling x2  
  104  10:18  Drone  
  104  10:19  Drone x8  
Show
View Real Time Build Order
Export as new Build Order

iStylLo Zerg 

Build Orders: Pool First 

Get SALT Encoding   

  12  0:02  Drone  
  13  0:07  Drone  
  14  0:16  Overlord  
  14  0:22  Extractor  
  14  0:23  Drone  
  15  0:35  Drone  
  15  0:41  Spawning Pool  
  15  0:46  Drone  
  17  0:50  Drone  
  17  1:13  Hatchery  
  17  1:17  Drone  
  17  1:21  Drone, Extractor  
  17  1:26  Drone  
  18  1:35  Spine Crawler  
  18  1:37  Drone  
  18  1:46  Drone  
  19  1:50  Queen  
  21  2:01  Overlord  
  21  2:07  Drone  
  22  2:27  Queen  
  22  2:28  Drone x2  
  22  2:29  Drone  
  27  2:38  Zergling x4  
  27  2:41  Metabolic Boost  
  29  2:45  Baneling Nest  
  29  2:49  Zergling x2  
  29  2:50  Zergling x2  
  30  2:57  Drone  
  31  3:15  Drone x3  
  34  3:24  Drone x2  
  36  3:34  Baneling x2  
  36  3:36  Hatchery  
  36  3:40  Drone  
  36  3:59  Overlord  
  36  4:00  Overlord  
  36  4:01  Overlord  
  36  4:11  Baneling x5  
  36  4:15  Overlord x3  
  36  4:17  Queen  
  38  4:27  Evolution Chamber  
  38  4:30  Roach Warren  
  36  4:32  Evolution Chamber  
  34  4:51  Zergling x10  
  34  4:52  Zergling x10  
  42  4:53  Queen  
  42  4:55  Overlord x2  
  42  4:58  Drone  
  45  5:04  Overlord x2  
  45  5:06  Zerg Missile Weapons Level 1  
  45  5:21  Drone x3, Extractor  
  47  5:23  Drone x3  
  47  5:29  Zergling x2  
  47  5:30  Zergling x6  
  48  5:38  Drone x2  
  46  5:50  Lair  
  46  5:53  Drone  
  46  5:54  Drone x4  
  46  5:56  Baneling  
  51  5:59  Baneling  
  51  6:11  Drone x2  
  51  6:12  Overlord x2, Drone  
  53  6:30  Baneling x3  
  51  6:59  Roach  
  51  7:00  Roach x7  
  66  7:05  Extractor  
  65  7:11  Drone x3  
  68  7:16  Drone  
  68  7:21  Extractor  
  68  7:25  Drone x2  
  70  7:30  Roach x2  
  70  7:31  Roach x4  
  82  7:41  Glial Reconstitution  
  76  7:53  Drone x2  
  76  7:54  Drone x5  
  76  7:55  Drone  
  76  7:57  Roach  
  76  7:58  Roach x4  
  94  8:11  Roach x3  
  100  8:21  Zergling x10  
  100  8:22  Zergling x10  
  110  8:37  Zergling x4  
  110  8:38  Zergling x2  
  90  8:50  Zergling x4  
  90  8:51  Zergling x8  
  90  8:52  Zergling x4  
  83  9:05  Spore Crawler  
  83  9:07  Spore Crawler  
  83  9:09  Spore Crawler  
  71  9:10  Spore Crawler  
  71  9:12  Hydralisk Den  
  65  9:17  Baneling  
  65  9:18  Baneling x3  
  65  9:19  Baneling x4  
  51  10:03  Zergling x8  
  51  10:04  Zergling x4  
Tags
 
Add a new tag
Caveats
  • Supply blocks, unpowered buildings, or Contaminate may cause inaccurate times.
  • Supply counts are checked every 10 seconds.